 Dungeon Crawl Stone Soup version 0.29-a0-321-gf1c400731a (webtiles) character file.

Game seed: 2294309953363290713

1668 YayAnonymity the Cleaver (level 9, 0/65 HPs)
             Began as a Formicid Fighter on Apr 4, 2022.
             Was a Follower of Qazlal.
             Slain by an iguana (8 damage)
             ... on level 6 of the Dungeon.
             The game lasted 00:09:11 (6053 turns).

YayAnonymity the Cleaver (Formicid Fighter)         Turns: 6053, Time: 00:09:12

Health: 0/65       AC: 15    Str: 26    XL:     9   Next: 20%
Magic:  12/12      EV:  7    Int:  7    God:    Qazlal [*.....]
Gold:   235        SH:  6    Dex: 10    Spells: 8/8 levels left

rFire   + . .      SeeInvis +   n - +2 whip (flame)
rCold   . . .      Faith    +   c - +0 buckler
rNeg    . . .      Spirit   .   f - +1 plate armour
rPois   .          Reflect  .   (helmet unavailable)
rElec   .          Harm     .   (no cloak)
rCorr   +          Rampage  .   (no gloves)
Will    .....                   m - +0 pair of boots
Stlth   ..........              l - amulet of faith
HPRegen 0.20/turn               e - ring of protection from fire
MPRegen 0.13/turn               j - ring of resist corrosion

@: attractive
A: permanent stasis, dig shafts and tunnels, antennae 3, four strong arms
a: Dig, Shaft Self, Renounce Religion


You were on level 6 of the Dungeon.
You worshipped Qazlal.
Qazlal was aware of your devotion.
You visited 2 branches of the dungeon, and saw 7 of its levels.

You collected 235 gold pieces.

Inventory:

Hand Weapons
 a - a +1 war axe
 n - a +2 whip of flaming (weapon)
Missiles
 p - 4 boomerangs (quivered)
Armour
 c - a +0 buckler (worn)
 f - a +1 plate armour (worn)
 m - a +0 pair of boots (worn)
Jewellery
 e - a ring of protection from fire (left hand)
 j - a ring of resist corrosion (right hand)
 l - an amulet of faith (around neck)
Scrolls
 g - 3 scrolls of immolation
Potions
 b - a potion of curing
 d - a potion of might
 h - 2 potions of flight
 k - a potion of lignification
 q - 3 potions of resistance
 r - a potion of ambrosia {unknown}


   Skills:
 - Level 4.0 Fighting
 * Level 8.3 Axes
 - Level 7.0 Armour
 - Level 4.0 Shields
 + Level 5.2 Invocations


You had 8 spell levels left.
You didn't know any spells.
Your spell library contained the following spells:

 Spells                   Type           Power      Damage    Failure   Level
 Magic Dart               Conj           0%         1d3       100%        1
 Sting                    Tmut/Pois      0%         1d3       100%        1
 Poisonous Vapours        Pois/Air       0%         N/A       100%        2
 Searing Ray              Conj           0%         2d4       100%        2
 Ozocubu's Armour         Ice            0%         N/A       100%        3
 Cause Fear               Hex            0%         N/A       100%        4
 Fulminant Prism          Conj/Hex       0%         3d6       100%        4
 Olgreb's Toxic Radiance  Pois           0%         N/A       100%        4
 Metabolic Englaciation   Hex/Ice        0%         N/A       100%        5
 Simulacrum               Ice/Necr       0%         N/A       100%        6
 Dragon Form              Tmut           0%         N/A       100%        7
 Ozocubu's Refrigeration  Ice            0%         4d5       100%        7
 Borgnjor's Revivificati  Necr           0%         N/A       100%        8
 Necromutation            Tmut/Necr      0%         N/A       100%        8
 Death's Door             Necr           0%         N/A       100%        9
 Dragon's Call            Summ           0%         N/A       100%        9


Dungeon Overview and Level Annotations

Branches:
Dungeon (6/15)             Temple (1/1) D:4

Altars:
Cheibriados
Dithmenos
Elyvilon
Fedhas
Gozag
Hepliaklqana
Kikubaaqudgha
Makhleb
Nemelex Xobeh
Qazlal
Ru
Sif Muna
Trog
Uskayaw
Vehumet
Wu Jian
Xom
Yredelemnul
Zin

Annotations:
D:2 1 runed translucent door, Crazy Yiuf


Innate Abilities, Weirdness & Mutations

You cannot be hasted, slowed, berserked, paralysed or teleported.
You can dig through walls and to a lower floor.
You have a pair of large antennae on your head. (SInv)
Your four strong arms can wield two-handed weapons with a shield.


Message History

* * * LOW HITPOINT WARNING * * *
The iguana bites you.
* * * LOW HITPOINT WARNING * * *
It was a potion of attraction.
You feel attractive to monsters.
The iguana bites you but does no damage.
Maggie hits you but does no damage.
You feel better. Maggie hits you but does no damage. The iguana bites you.
* * * LOW HITPOINT WARNING * * *
You whack Maggie! You burn Maggie.
Maggie is almost dead.
The iguana bites you.
* * * LOW HITPOINT WARNING * * *
You block Maggie's attack.
You hit Maggie. You burn Maggie.
You are no longer entranced.
You kill Maggie!
Qazlal accepts your kill. The iguana barely misses you.
Training target 7.0 for Armour reached!
Your Axes skill increases to level 8!
Your Armour skill increases to level 7!
Your Invocations skill increases to level 5!
You barely miss the iguana.
The iguana is severely wounded.
The iguana bites you but does no damage.
You hit the iguana but do no damage.
The iguana is severely wounded.
You hear the slow hiss of an avalanche of sand nearby.
You feel better.
The iguana bites you but does no damage.
You barely miss the iguana.
The iguana is severely wounded.
The iguana barely misses you.
You closely miss the iguana.
The iguana is severely wounded.
You block the iguana's attack.
You barely miss the iguana.
The iguana is severely wounded.
The iguana bites you!
You die...

.........
.........
.........
........#
........#
........###
#.#
.......l○.#
.#.#
......)@..#
#...#
...####...#
..... #...##
......
#...#####...#
#.<.'.).....#
#...###)#...#
#...# #.# .#
.....[ #.#
..######.#.'


You could see an iguana.

Vanquished Creatures
  Pikel (D:4)
  Maggie (D:6)
  Edmund (D:4)
  An ice beast (D:5)
  A black bear (D:5)
  An ogre (D:5)
  2 lemures
  A phantom (D:5)
  Blork the orc (D:5)
  A necrophage (D:5)
  A scorpion (D:4)
  An orc priest (D:6)
  3 hounds
  An iguana (D:5)
  An orc wizard (D:6)
  An adder (D:5)
  A shadow imp (D:5)
  2 white imps
  A worm (D:3)
  11 dart slugs (D:3)
  7 orcs
  5 bats
  5 endoplasms
  3 giant cockroaches
  7 goblins
  6 hobgoblins
  8 kobolds
  A quokka (D:1)
  8 ball pythons
  4 frilled lizards
  3 rats
91 creatures vanquished.

Notes
Turn   | Place    | Note
-------+----------+-------------------------------------------
     0 | D:1      | YayAnonymity the Formicid Fighter began the quest for the
                  | Orb.
     0 | D:1      | Reached XP level 1. HP: 18/18 MP: 1/1
   283 | D:1      | Reached XP level 2. HP: 24/24 MP: 2/2
   593 | D:1      | Reached XP level 3. HP: 29/29 MP: 3/3
  1368 | D:2      | Found a runed translucent door.
  1369 | D:2      | Noticed Crazy Yiuf
  1918 | D:3      | Reached skill level 3 in Axes
  1918 | D:3      | Reached XP level 4. HP: 37/37 MP: 4/4
  2051 | D:3      | Reached XP level 5. HP: 7/42 MP: 5/5
  2643 | D:3      | Found a faded altar of an unknown god.
  2746 | D:3      | Found an ornate altar of the Wu Jian Council.
  2984 | D:4      | Found a staircase to the Ecumenical Temple.
  2999 | Temple   | Entered the Ecumenical Temple
  3107 | Temple   | Became a worshipper of Qazlal Stormbringer
  3237 | D:4      | Reached skill level 4 in Axes
  3356 | D:4      | Noticed a lemure
  3357 | D:4      | Noticed Pikel
  3358 | D:4      | Noticed a lemure
  3360 | D:4      | Noticed a lemure
  3361 | D:4      | Noticed a lemure
  3368 | D:3      | Killed a lemure
  3529 | D:4      | Reached XP level 6. HP: 26/48 MP: 6/6
  3818 | D:4      | Noticed Edmund
  3832 | D:4      | Killed Edmund
  3833 | D:4      | Reached skill level 5 in Axes
  3833 | D:4      | Reached skill level 5 in Armour
  4246 | D:4      | Reached XP level 7. HP: 54/54 MP: 7/7
  4873 | D:4      | Killed Pikel
  4874 | D:4      | Reached skill level 6 in Axes
  4874 | D:4      | Reached XP level 8. HP: 34/60 MP: 7/10
  5017 | D:4      | Found a staircase to the Ecumenical Temple.
  5067 | D:5      | Entered Level 5 of the Dungeon
  5067 | D:5      | Noticed Blork the orc
  5074 | D:5      | Killed Blork the orc
  5174 | D:5      | Found a sacrificial altar of Ru.
  5174 | D:5      | Found an opulent altar of Gozag.
  5249 | D:5      | Reached skill level 7 in Axes
  5957 | D:6      | Reached * piety under Qazlal
  5964 | D:6      | Reached XP level 9. HP: 55/65 MP: 12/12
  6019 | D:6      | Noticed Maggie
  6046 | D:6      | HP: 1/65 [iguana (6)]
  6047 | D:6      | Killed Maggie
  6048 | D:6      | Reached skill level 8 in Axes
  6048 | D:6      | Reached skill level 5 in Invocations
  6053 | D:6      | Slain by an iguana

Illustrated notes

Levels and vault maps discovered:
D:1:      nzn_arrival_crosshair, layout_loops_ring
D:2:      layout_loops_ring, uniq_crazy_yiuf_cottage
D:3:      kennysheep_slugbush, layout_basic, lemuel_coloured_pillars_altar,
          basic_ecumenical_altar, minmay_misc_feat_roman
D:4:      layout_gridville, minmay_temple_entry_junction, uniq_edmund,
          uniq_pikel
D:5:      layout_rooms, nicolae_overflow_hidden_temple, serial_rivers,
          chequers_serial_rivers_micro_d, chequers_serial_rivers_small_b,
          chequers_serial_rivers_micro_b, chequers_serial_rivers_micro_e,
          chequers_serial_rivers_micro_d, chequers_serial_rivers_large_b,
          uniq_blork_the_orc
D:6:      layout_basic, serial_shops, kennysheep_mini_moat,
          gup_ossuary_entry_pyramid, uniq_maggie
Temple:   regret_index_temple_sphere_string

Skill      XL: |  1  2  3  4  5  6  7  8  9 |
---------------+----------------------------+-----
Shields        | 4 |  4.0
Axes           | 3 4 5 6 7 8 |  8.3
Fighting       | 4 |  4.0
Armour         | 4 5 6 7 |  7.0
Invocations    | 3 4 5 |  5.2

Action                   |  1- 3 |  4- 6 |  7- 9 || total
-------------------------+-------+-------+-------++-------
Melee: War axe           |   114 |   136 |    82 ||   332
       Whip              |       |       |    66 ||    66
Throw: Boomerang         |       |     1 |     5 ||     6
 Abil: Dig               |     1 |     1 |     1 ||     3
  Use: Scroll            |     2 |    11 |     2 ||    15
       Potion            |       |     1 |     4 ||     5
Armor: Plate armour      |    99 |    96 |    90 ||   285
Dodge: Dodged            |    27 |    45 |    35 ||   107
Block: Buckler           |    29 |    25 |    26 ||    80

Table legend: (Time is in decaauts)
 A = Elapsed time spent in this place.
 B = Non-inter-level travel time spent in this place.
 C = Inter-level travel time spent in this place.
 D = Time resting spent in this place.
 E = Time spent auto-exploring this place.
 F = Levels seen in this place.
 G = Mean time per level.
                   A        B        C        D        E       F      G
               +--------+--------+--------+--------+--------+-----+--------+
         Total |   6199 |   5976 |    223 |    669 |   4168 |   7 |  885.6 |
       Dungeon |   6032 |   5826 |    206 |    669 |   4043 |   6 | 1005.3 |
        Temple |    166 |    149 |     17 |      0 |    125 |   1 |  166.0 |
               +--------+--------+--------+--------+--------+-----+--------+

Top non-repeatable levels by time:
     D:4: 2045 daAuts
     D:3: 1323 daAuts
     D:1: 1044 daAuts
     D:5: 781 daAuts
     D:2: 735 daAuts
  Temple: 166 daAuts
     D:6: 103 daAuts
